 Dungeon Crawl Stone Soup version 0.23.1 (webtiles) character file.

Game seed: 1400546700555446665

37 redwoodhats the Gusty (level 3, 0/24 HPs)
             Began as a Demonspawn Air Elementalist on Mar 8, 2019.
             Slain by an adder (2 damage)
             ... on level 2 of the Dungeon.
             The game lasted 00:08:00 (1796 turns).

redwoodhats the Gusty (Demonspawn Air Elementalist) Turns: 1796, Time: 00:08:01

Health: 0/24       AC:  3    Str:  9    XL:     3   Next: 23%
Magic:  1/6        EV: 12    Int: 16    God:
Gold:   28         SH:  0    Dex: 13    Spells: 5/6 levels left

rFire    . . .     SeeInvis .   b - +1 club
rCold    . . .     Gourm    .   (no shield)
rNeg     . . .     Faith    .   a - +0 robe
rPois    .         Spirit   .   (no helmet)
rElec    .         Reflect  .   (no cloak)
rCorr    .         Harm     .   (no gloves)
MR       .....                  (no boots)
Stlth    ++........             (no amulet)
HPRegen  0.08/turn              (no ring)
MPRegen  0.10/turn              (no ring)

@: lethally poisoned (0 -> -4), very slightly contaminated
A: hooves 1, shaggy fur 1, MP-powered wands
a: no special abilities


You were on level 2 of the Dungeon.
You were not hungry.

You visited 1 branch of the dungeon, and saw 2 of its levels.

You collected 28 gold pieces.

Inventory:

Hand Weapons
 b - a +1 club (weapon)
 f - a +2 mace of holy wrath
Armour
 a - a +0 robe (worn)
Scrolls
 e - 2 scrolls of remove curse


   Skills:
 + Level 0.1 Maces & Flails
 + Level 1.8 Dodging
 + Level 2.4 Stealth
 + Level 2.3 Spellcasting
 + Level 1.2 Conjurations
 + Level 3.2 Air Magic


You had 5 spell levels left.
You knew the following spells:

 Your Spells              Type           Power        Failure   Level  Hunger
a - Shock                 Conj/Air       #...         9%          1    #......

Your spell library contained the following spells:

 Spells                   Type           Power        Failure   Level  Hunger
 Swiftness                Chrm/Air       #.......     16%         2    ###....
 Static Discharge         Conj/Air       #.......     24%         3    ###....
 Airstrike                Air            ##........   47%         4    #####..
 Lightning Bolt           Conj/Air       #.........   92%         5    ######.


Dungeon Overview and Level Annotations

Branches:
Dungeon (2/15)

Altars:


Innate Abilities, Weirdness & Mutations

You have large cloven feet.
You are covered in fur. (AC +1)
You expend magic power (3 MP) to strengthen your wands.


Message History

Unknown command.
Casting: Shock (safe; 9% risk of failure)
Confirm with . or Enter, or press ? or * to list all spells.
Aiming: Shock (safe; 9% risk of failure)
Press: ? - help, Shift-Dir - straight line, f/p - adder
Aim: an adder (heavily wounded)
The zap hits the adder.
The adder is heavily wounded.
* * * LOW HITPOINT WARNING * * *
You feel sick. The adder barely misses you.
The adder bites you but does no damage.
Casting: Shock (safe; 9% risk of failure)
Confirm with . or Enter, or press ? or * to list all spells.
Aiming: Shock (safe; 9% risk of failure)
Press: ? - help, Shift-Dir - straight line, f/p - adder
Aim: an adder (heavily wounded)
The zap hits the adder.
The adder is almost dead.
The adder bites you.
You die...

#. #.#######
#.......#
##.......# ..
##........# ..#
..........###...#
...!....†<....#
............###
.#....@..###
..!....S..#
#.........#
....$.....#
##.........
##.....#<#.
#........#..
#.......## ..


You could see an adder.

Vanquished Creatures
  2 oozes (D:1)
  A worm (D:2)
  A dart slug (D:1)
  A giant cockroach (D:1)
  3 goblins (D:1)
  2 hobgoblins (D:1)
  4 jackals (D:1)
  4 kobolds (D:1)
  2 bats (D:1)
  4 frilled lizards
  A rat (D:1)
25 creatures vanquished.

Notes
Turn   | Place    | Note
-------+----------+-------------------------------------------
     0 | D:1      | redwoodhats the Demonspawn Air Elementalist began the quest
                  | for the Orb.
     0 | D:1      | Reached XP level 1. HP: 13/13 MP: 3/3
   307 | D:1      | Gained mutation: You have large cloven feet. [demonic
                  | ancestry]
   307 | D:1      | Reached XP level 2. HP: 13/19 MP: 0/5
   706 | D:1      | Reached skill level 3 in Air Magic
  1179 | D:1      | Reached XP level 3. HP: 20/24 MP: 6/6
  1776 | D:1      | Gained mutation: You are covered in fur. (AC +1) [potion of
                  | mutation]
  1776 | D:1      | Gained mutation: You expend magic power (3 MP) to
                  | strengthen your wands. [potion of mutation]
  1795 | D:2      | HP: 1/24 [poisoned by an adder]
  1796 | D:2      | Slain by an adder

Skill      XL: |  1  2 |
---------------+-------+-----
Stealth        | 2 |  2.4
Air Magic      | 3 |  3.2
Maces & Flails | |  0.1
Dodging        | |  1.8
Spellcasting   | |  2.3
Conjurations   | |  1.2

Action                   || total
-------------------------++-------
Melee: Club              ||    26
       Unarmed           ||     6
       Kick              ||     4
 Cast: Shock             ||    37
  Use: Scroll            ||     3
       Potion            ||     2
  Eat: Chunk             ||     2
       Ration            ||     1
Armor: Robe              ||     9
Dodge: Dodged            ||    23
